 Dungeon Sprint DCSS version 0.23.0 (webtiles) character file.

Game seed: 10367594057311560489

40400000 Fang the Conqueror (level 27, -12541/249 HPs)
             Began as a Demonspawn Gladiator on Feb 11, 2019.
             Was the Champion of Makhleb.
             Annihilated by The Meatlord
             ... wielding the +7 sceptre of Torment {pain, torment}
              (12784 damage)
             ... in the Dungeon (Sprint VIII: "Arena of Blood") on Feb 12, 2019.
             The game lasted 00:05:22 (404 turns).

Fang the Conqueror (Demonspawn Gladiator)            Turns: 404, Time: 00:05:22

Health: -12541/249 AC:  6    Str: 27    XL:     27
Magic:  54/54      EV: 32    Int: 10    God:    Makhleb [******]
Gold:   0          SH:  0    Dex: 15    Spells: 80/80 levels left

rFire    + . .     SeeInvis +   l - +∞ Axe of Woe
rCold    + . .     Gourm    .   (shield currently unavailable)
rNeg     . . .     Faith    .   b - +0 leather armour
rPois    .         Spirit   .   (helmet unavailable)
rElec    .         Reflect  .   (no cloak)
rCorr    .         Harm     .   (no gloves)
MR       ++...     NoTele   +   (no boots)
Stlth    +++++++++.             (no amulet)
HPRegen  0.51/turn              t - ring of protection from fire
MPRegen  0.34/turn              s - +30 ring of slaying

@: no status effects
A: antennae 3, cold resistance 1, passive freeze, powered by pain 3, spiny 3,
freezing cloud immunity, sanguine armour 3
a: Minor Destruction, Lesser Servant of Makhleb, Major Destruction, Greater
Servant of Makhleb, Renounce Religion


You were in the Dungeon.
You worshipped Makhleb.
Makhleb was exalted by your worship.
You were not hungry.

You visited 1 branch

Inventory:

Hand Weapons
 a - a +0 war axe
 l - the +∞ Axe of Woe (weapon)
   (You found it in the Dungeon)
 y - a +9 war axe
Missiles
 d - 3 throwing nets (quivered)
Armour
 b - a +0 leather armour (worn)
 c - a +0 helmet
Jewellery
 m - a +30 ring of slaying
 o - a +30 ring of slaying
 p - a +30 ring of slaying
 q - a +30 ring of slaying
 r - a +30 ring of slaying
 s - a +30 ring of slaying (right hand)
 t - a ring of protection from fire (left hand)
 u - a +30 ring of slaying
 v - a +30 ring of slaying
 w - a +30 ring of slaying
 x - a +30 ring of slaying
 z - a +30 ring of slaying
 A - a +30 ring of slaying
 B - a +30 ring of slaying
 C - a +30 ring of slaying
 D - a +30 ring of slaying
 E - a +30 ring of slaying
 F - a +30 ring of slaying
 G - a +30 ring of slaying
 H - a +30 ring of slaying
 I - a +30 ring of slaying
 J - a +30 ring of slaying
 K - a +30 ring of slaying
 L - a +30 ring of slaying
 M - a +30 ring of slaying
 N - a +30 ring of slaying
 O - a +30 ring of slaying
Scrolls
 k - a scroll of blinking
Potions
 e - a potion of curing
 g - a potion of heal wounds
 h - a potion of haste
 i - 2 potions of magic
 j - a potion of berserk rage
Comestibles
 f - a ration
 n - 2 chunks of flesh


   Skills:
 O Level 27 Fighting
 O Level 27 Axes
 O Level 27 Throwing
 O Level 27 Armour
 O Level 27 Dodging
 O Level 27 Stealth
 O Level 27 Shields
 O Level 27 Unarmed Combat
 O Level 27 Spellcasting
 O Level 27 Invocations


You had 80 spell levels left.
You didn't know any spells.
Your spell library was empty.

Dungeon Overview and Level Annotations

Branches:
Dungeon (1/1)

Altars:
Makhleb

Annotations:
D The Meatlord


Innate Abilities, Weirdness & Mutations

You have a pair of large antennae on your head. (SInv)
Your flesh is cold resistant. (rC+)
A frigid envelope surrounds you and freezes all who hurt you.
You are powered by pain.
You are completely covered in sharp spines.
You are immune to freezing clouds.
When seriously injured, your bleeding wounds create very thick armour. (AC +0)


Message History

You hear a shout!
You hear a shout! x5
You hear a shout! x3
A bag of meat comes into view. It is wielding a +9 war axe.
A bag of meat comes into view. It is wielding a +9 war axe.
The bag of meat shouts!
You hear a shout! x2
A starcursed mass splits.
You hear a shout! x2
The bag of meat moves out of view.
A meat berserker comes into view. It is wielding a +9 battleaxe.
You hear a shout! x5
A starcursed mass splits.
You hear a shout! x2
A chorus of shrieks assaults your mind.
You hear a shout!
You hear a shout!
The Meatlord is struck by your spines.
The Meatlord hits you with the +7 sceptre of Torment {pain, torment}!!!!!!!!!!!
Ouch! That really hurt!
You die...

########### ####.......=..
####..X...........
####....@&....##.##.#####
####........X...............
####......)..####.....##.##....
#.........).#..................
#......))....#..........#.#....
#.......O.).{#.................
#.......###X..#..........))....
#..o.o###...)..#..)..))))))....
#....#......)).......))))))..).


You could see The Meatlord, 2 starcursed masses and a meat berserker (berserk).

Vanquished Creatures
  148 orcs (D)
  4 vampire knights (D)
  23 ogres (D)
  5 two-headed ogres (D)
180 creatures vanquished.

Vanquished Creatures (others)
  A ball lightning (D)
1 creature vanquished.

Grand Total: 181 creatures vanquished

Notes
Turn   | Place    | Note
-------+----------+-------------------------------------------
     0 | D        | Found the +∞ Axe of Woe
     0 | D        | Fang the Demonspawn Gladiator began the quest for the Orb.
     0 | D        | Reached XP level 1. HP: 16/16 MP: 1/1
     2 | D        | Noticed a bag of meat
     4 | D        | Became a worshipper of Makhleb the Destroyer
     4 | D        | Noticed a bag of meat
     5 | D        | Noticed a bag of meat
    10 | D        | Noticed a bag of meat
    12 | D        | Noticed a bag of meat
    13 | D        | Killed a bag of meat
    13 | D        | Gained mutation: When seriously injured, your bleeding
                  | wounds create armour. (AC +0) [demonic ancestry]
    13 | D        | Reached XP level 2. HP: 43/43 MP: 2/2
    13 | D        | Gained mutation: You have a pair of small antennae on your
                  | head. [demonic ancestry]
    13 | D        | Reached XP level 3. HP: 49/49 MP: 3/3
    13 | D        | Gained mutation: You are partially covered in sharp spines.
                  | [demonic ancestry]
    13 | D        | Reached XP level 4. HP: 56/56 MP: 4/4
    13 | D        | Reached XP level 5. HP: 62/62 MP: 5/5
    13 | D        | Reached XP level 6. HP: 69/69 MP: 6/6
    13 | D        | Gained mutation: You sometimes gain a little power by
                  | taking damage. [demonic ancestry]
    13 | D        | Reached XP level 7. HP: 75/75 MP: 7/7
    13 | D        | Reached XP level 8. HP: 82/82 MP: 8/8
    13 | D        | Gained mutation: When seriously injured, your bleeding
                  | wounds create thick armour. (AC +0) [demonic ancestry]
    13 | D        | Reached XP level 9. HP: 88/88 MP: 9/9
    13 | D        | Gained mutation: You sometimes gain power by taking damage.
                  | [demonic ancestry]
    13 | D        | Reached XP level 10. HP: 95/95 MP: 10/10
    13 | D        | Gained mutation: You are powered by pain. [demonic
                  | ancestry]
    13 | D        | Reached XP level 11. HP: 101/101 MP: 11/11
    13 | D        | Killed a bag of meat
    13 | D        | Reached * piety under Makhleb
    13 | D        | Reached skill level 15 in Axes
    13 | D        | Reached skill level 15 in Throwing
    13 | D        | Reached skill level 15 in Dodging
    13 | D        | Gained mutation: When seriously injured, your bleeding
                  | wounds create very thick armour. (AC +0) [demonic ancestry]
    13 | D        | Reached XP level 12. HP: 113/113 MP: 12/12
    13 | D        | Noticed a bag of meat
    13 | D        | Noticed a bag of meat
    13 | D        | Noticed a bag of meat
    14 | D        | Killed a bag of meat
    14 | D        | Reached XP level 13. HP: 122/122 MP: 13/13
    15 | D        | Killed a bag of meat
    15 | D        | Reached XP level 14. HP: 133/133 MP: 14/14
    15 | D        | Noticed a bag of meat
    16 | D        | Noticed a large bag of meat
    16 | D        | Noticed a bag of meat
    17 | D        | Killed a bag of meat
    17 | D        | Reached ** piety under Makhleb
    17 | D        | Noticed a bag of meat
    17 | D        | Noticed a bag of meat
    18 | D        | Killed a bag of meat
    18 | D        | Reached XP level 15. HP: 144/144 MP: 15/15
    20 | D        | Reached *** piety under Makhleb
    21 | D        | Noticed a meat berserker
    22 | D        | Killed a large bag of meat
    22 | D        | Reached XP level 16. HP: 159/159 MP: 16/16
    23 | D        | Reached **** piety under Makhleb
    23 | D        | Reached XP level 17. HP: 169/169 MP: 17/17
    23 | D        | Noticed a large bag of meat
    24 | D        | Noticed a meat berserker
    26 | D        | Killed a meat berserker
    26 | D        | Reached skill level 27 in Fighting
    26 | D        | Gained mutation: You are mostly covered in sharp spines.
                  | [demonic ancestry]
    26 | D        | Reached XP level 18. HP: 182/182 MP: 18/18
    28 | D        | Reached ***** piety under Makhleb
    28 | D        | Reached skill level 27 in Axes
    28 | D        | Reached skill level 27 in Throwing
    28 | D        | Reached skill level 27 in Dodging
    28 | D        | Reached skill level 5 in Armour
    28 | D        | Reached skill level 5 in Stealth
    28 | D        | Reached skill level 5 in Unarmed Combat
    28 | D        | Reached skill level 5 in Spellcasting
    28 | D        | Reached skill level 10 in Armour
    28 | D        | Reached skill level 10 in Stealth
    28 | D        | Reached skill level 10 in Unarmed Combat
    28 | D        | Reached skill level 10 in Spellcasting
    29 | D        | Killed a meat berserker
    29 | D        | Gained mutation: You have a pair of antennae on your head.
                  | [demonic ancestry]
    29 | D        | Reached XP level 19. HP: 189/189 MP: 18/36
    29 | D        | Reached skill level 15 in Stealth
    29 | D        | Reached skill level 15 in Armour
    29 | D        | Reached skill level 15 in Unarmed Combat
    29 | D        | Reached skill level 15 in Spellcasting
    30 | D        | Reached ****** piety under Makhleb
    31 | D        | Gained mutation: You have a pair of large antennae on your
                  | head. (SInv) [demonic ancestry]
    31 | D        | Reached XP level 20. HP: 197/197 MP: 18/40
    33 | D        | Killed a large bag of meat
    44 | D        | Noticed a meat berserker
    47 | D        | Killed a meat berserker
    47 | D        | Reached skill level 27 in Invocations
    47 | D        | Reached XP level 21. HP: 204/204 MP: 38/46
    56 | D        | Gained mutation: Your flesh is cold resistant. (rC+)
                  | [demonic ancestry]
    56 | D        | Reached XP level 22. HP: 212/212 MP: 50/50
    56 | D        | Reached skill level 27 in Stealth
    58 | D        | Reached skill level 27 in Armour
    58 | D        | Reached skill level 27 in Unarmed Combat
    58 | D        | Reached skill level 27 in Spellcasting
    64 | D        | Reached XP level 23. HP: 219/219 MP: 52/54
    83 | D        | Gained mutation: You are immune to freezing clouds.
                  | [demonic ancestry]
    83 | D        | Reached XP level 24. HP: 227/227 MP: 54/54
    83 | D        | Noticed a large bag of meat
    88 | D        | Killed a large bag of meat
    90 | D        | Reached XP level 25. HP: 234/234 MP: 54/54
    96 | D        | Gained mutation: You are completely covered in sharp
                  | spines. [demonic ancestry]
    96 | D        | Reached XP level 26. HP: 242/242 MP: 54/54
    97 | D        | Noticed a destroyer
   100 | D        | Killed a destroyer
   101 | D        | Reached skill level 27 in Shields
   103 | D        | Gained mutation: A frigid envelope surrounds you and
                  | freezes all who hurt you. [demonic ancestry]
   103 | D        | Reached XP level 27. HP: 249/249 MP: 54/54
   114 | D        | Noticed a destroyer
   122 | D        | Noticed a large bag of meat
   127 | D        | Killed a destroyer
   137 | D        | Killed a large bag of meat
   164 | D        | Noticed a large bag of meat
   170 | D        | Killed a large bag of meat
   178 | D        | Noticed a destroyer
   183 | D        | Killed a destroyer
   205 | D        | Noticed a destroyer
   218 | D        | Killed a destroyer
   261 | D        | Noticed a large bag of meat
   370 | D        | Noticed The Meatlord
   404 | D        | Annihilated by The Meatlord

Skill      XL: |  1  2  3  4  5  6  7  8  9 10 11 12 13 14 15 16 17 18 19 20 21 22 23 24 25 26 |
---------------+-------------------------------------------------------------------------------+-----
Fighting       | 14 16 18 19 21 24 25 27 | 27.0
Axes           | 13 15 17 18 19 22 23 26 27 | 27.0
Throwing       | 13 15 16 18 19 22 23 26 27 | 27.0
Dodging        | 13 15 17 18 19 22 23 26 27 | 27.0
Armour         | 13 16 21 24 27 | 27.0
Stealth        | 14 18 23 26 27 | 27.0
Unarmed Combat | 13 16 21 24 27 | 27.0
Spellcasting   | 13 16 21 24 27 | 27.0
Invocations    | 17 22 27 | 27.0
Shields        | 27 | 27.0

Action                   |  1- 3 |  4- 6 |  7- 9 | 10-12 | 13-15 | 16-18 | 19-21 | 22-24 | 25-27 || total
-------------------------+-------+-------+-------+-------+-------+-------+-------+-------+-------++-------
Melee: Executioner's axe |     1 |       |       |     1 |     5 |     5 |    10 |    16 |    83 ||   121
 Stab: Distracted        |       |       |       |       |       |       |       |       |     1 ||     1
Armor: Leather armour    |       |       |       |       |     2 |       |       |       |       ||     2
Dodge: Dodged            |       |       |       |       |       |     1 |     1 |       |    14 ||    16
